 Dungeon Crawl Stone Soup version 0.30.0-10-gfe55d96785 (webtiles) character file.

Game seed: 12609659961008287282

468 sympbizkit the Caller (level 7, -1/48 HPs)
             Began as a Merfolk Summoner on May 14, 2023.
             Was an Initiate of Yredelemnul.
             Succumbed to an adder's poison
             ... on level 5 of the Dungeon.
             The game lasted 00:34:18 (2958 turns).

sympbizkit the Caller (Merfolk Summoner)            Turns: 2958, Time: 00:34:19

Health: -1/48      AC:  3    Str:  8    XL:     7   Next: 8%
Magic:  9/11       EV:  8    Int: 17    God:    Yredelemnul [......]
Gold:   102        SH:  0    Dex: 14    Spells: 1/11 levels left

rFire   . . .        v - +0 morningstar
rCold   . . .        (no shield)
rNeg    . . .        n - +0 scale mail
rPois   .            (no helmet)
rElec   .            (no cloak)
rCorr   .            r - +0 pair of gloves
SInv    .            (no boots)
Will    .....        o - amulet of the acrobat
Stlth   +            (no ring)
HPRegen 0.28/turn    (no ring)
MPRegen 0.12/turn

%: acrobat
@: lethally poisoned (-1 -> -6), corroded
A: (nimble swimmer 2), mertail
a: Renounce Religion, Recall Undead Harvest


You were on level 5 of the Dungeon.
You worshipped Yredelemnul.
Yredelemnul was noncommittal.
You visited 1 branch of the dungeon, and saw 5 of its levels.

You collected 102 gold pieces.

Inventory:

Hand Weapons
 c - a +0 mace
 f - a +0 whip
 h - a +0 spear
 j - a +0 whip
 k - a +0 dagger
 l - a +0 whip
 v - a +0 morningstar (weapon)
 B - a +0 lajatang
 C - a +0 giant spiked club
Missiles
 e - 6 poisoned darts (quivered)
 g - 30 stones
Armour
 d - a +0 robe
 n - a +0 scale mail (worn)
 p - a +0 ring mail
 q - a +0 robe
 r - a +0 pair of gloves (worn)
 s - a +0 pair of gloves
 u - a +0 scale mail
 y - a +0 scale mail
Jewellery
 o - an amulet of the acrobat (around neck)
Scrolls
 a - a scroll of fog
 m - 3 scrolls of teleportation
 x - a scroll of magic mapping {unknown}
 A - a scroll of enchant weapon {unknown}
Potions
 b - a potion of magic
 i - a potion of flight {unknown}
 t - a potion of attraction {unknown}
 w - 3 potions of curing {unknown}
 z - a potion of ambrosia {unknown}


   Skills:
 - Level 1.1 Fighting
 + Level 2.2 Maces & Flails
 * Level 2.2 Armour
 + Level 3.3 Dodging
 + Level 3.0 Stealth
 * Level 2.8 Spellcasting
 * Level 5.0 Summonings
 * Level 2.7 Invocations


You had one spell level left.
You knew the following spells:

 Your Spells              Type           Power      Damage    Failure   Level
a - Summon Small Mammal   Summ           76%        N/A       21%         1
b - Call Imp              Summ           38%        N/A       30%         2
c - Summon Ice Beast      Ice/Summ       11%        N/A       99%         4
d - Call Canine Familiar  Summ           19%        N/A       52%         3

Your spell library contained the following spells:

 Spells                   Type           Power      Damage    Failure   Level
 Sandblast                Erth           4%         2d4       86%         1
 Summon Guardian Golem    Hex/Summ       11%        N/A       86%         3
 Ensorcelled Hibernation  Hex/Ice        4%         N/A       94%         2
 Passwall                 Tmut/Erth      1%         N/A       94%         2
 Frozen Ramparts          Ice            4%         1d1       99%         3
 Spider Form              Tmut/Pois      2%         N/A       99%         3
 Stone Arrow              Conj/Erth      4%         3d7       99%         3
 Animate Armour           Summ/Erth      22%        N/A       99%         4
 Summon Lightning Spire   Summ/Air       11%        N/A       99%         4
 Anguish                  Hex/Necr       1%         N/A       100%        4
 Ice Form                 Ice/Tmut       2%         N/A       100%        4
 Lehudib's Crystal Spear  Conj/Erth      1%         10d2      100%        8


Dungeon Overview and Level Annotations

Branches:
Dungeon (5/15)
 Temple: D:4-7

Altars:
Cheibriados
Dithmenos
Fedhas
Gozag
Kikubaaqudgha
Makhleb
Okawaru
Ru
Trog
Vehumet
Xom
Yredelemnul
The Shining One


Innate Abilities, Weirdness & Mutations

((You are very nimble when in or above water. (Stealth+, EV+, Speed+++)))
Your lower body shifts to a powerful aquatic tail in water.


Message History

The acid dragon claws you but does no damage.
Your bat hits the acid dragon but does no damage.
Casting: Call Imp (dangerous; 30% risk of failure)
Confirm with . or Enter, or press ? or * to list all spells.
You miscast Call Imp.
You are very lightly contaminated with residual magic.
Nothing appears to happen.
Your bat hits the acid dragon but does no damage.
The acid dragon barely misses you. The acid dragon claws you.
An adder comes into view.
As you read the scroll of teleportation, it crumbles to dust.
You feel strangely unstable. The acid dragon bites you.
* * * LOW HITPOINT WARNING * * *
The acid dragon claws you but does no damage.
Your bat barely misses the acid dragon.
Your bat closely misses the acid dragon.
The acid dragon closely misses your bat.
The acid dragon completely misses your bat.
Your bat hits the adder but does no damage.
The acid dragon spits acid at you. The splash of acid hits you!
* * * LOW HITPOINT WARNING * * *
The acid corrodes you!
Your surroundings suddenly seem different.
An adder comes into view.
Found 28 gold pieces and a plate armour.
The adder hisses angrily.
The adder barely misses you.
You miss the adder.
The adder bites you but does no damage. x2
Your magical contamination has completely faded away.
You miss the adder. The adder bites you.
* * * LOW HITPOINT WARNING * * *
You barely miss the adder. The adder barely misses you. The adder bites you.
* * * LOW HITPOINT WARNING * * *
You are lethally poisoned!
The adder poisons you!
As you read the scroll labelled VEX BUAZXETZ, it crumbles to dust.
The scroll dissolves into smoke.
It was a scroll of fog.
You die...
Your body rises from the dead as a mindless zombie.

#. #. ###
#.##..
#....#
#....#
####.§§§#
.....§§S#
...$.§§@#
.....§###
$.....
[....
.....
.... ####


You could see an adder.

Vanquished Creatures
  2 scorpions (D:4)
  A jelly (D:4)
  2 iguanas
  An orc wizard (D:4)
  An adder (D:2)
  A worm (D:4)
  An orc (D:4)
  3 ball pythons
  3 bats (D:2)
  6 endoplasms
  4 hobgoblins
  7 jackals
  3 kobolds
  3 quokkas
  A frilled lizard (D:1)
  2 rats (D:2)
41 creatures vanquished.

Vanquished Creatures (collateral kills)
  An ogre (D:4)
  A jelly (D:4)
  An iguana (D:4)
  A dart slug (D:1)
  2 orcs
  4 ball pythons
  A bat (D:3)
  2 endoplasms
  7 goblins
  A hobgoblin (D:1)
  4 jackals
  6 kobolds
  A quokka (D:2)
  3 rats
35 creatures vanquished.

Vanquished Creatures (others)
  An iguana zombie (D:4)
  A jelly zombie (D:4)
  A worm zombie (D:4)
  An adder zombie (D:1)
  3 bat zombies
  6 ball python zombies
  An endoplasm zombie (D:3)
  2 goblin zombies
  4 hobgoblin zombies
  4 jackal zombies
  4 kobold zombies
  3 orc zombies
  3 quokka zombies
  A rat zombie (D:2)
35 creatures vanquished.

Grand Total: 111 creatures vanquished

Notes
Turn   | Place    | Note
-------+----------+-------------------------------------------
     0 | D:1      | sympbizkit the Merfolk Summoner began the quest for the
                  | Orb.
     0 | D:1      | Reached XP level 1. HP: 13/13 MP: 3/3
   110 | D:1      | Found a faded altar of an unknown god.
   140 | D:1      | Reached XP level 2. HP: 18/19 MP: 3/5
   213 | D:1      | Prayed at the altar of an unknown god.
   213 | D:1      | Became a worshipper of Yredelemnul the Dark
   213 | D:1      | Reached * piety under Yredelemnul
   276 | D:1      | Learned a level 2 spell: Call Imp
   685 | D:1      | Reached XP level 3. HP: 15/24 MP: 1/6
  1470 | D:2      | Reached XP level 4. HP: 25/30 MP: 7/7
  2002 | D:4      | HP: 1/31 [iguana (2)]
  2004 | D:4      | Reached skill level 1 in Invocations
  2158 | D:4      | Reached XP level 5. HP: 36/36 MP: 8/8
  2192 | D:4      | Reached skill level 1 in Maces & Flails
  2220 | D:4      | Reached skill level 1 in Fighting
  2220 | D:4      | Reached skill level 1 in Armour
  2220 | D:4      | Reached XP level 6. HP: 43/43 MP: 9/9
  2376 | D:4      | Learned a level 4 spell: Summon Ice Beast
  2594 | D:4      | Reached skill level 5 in Summonings
  2594 | D:4      | Reached XP level 7. HP: 7/48 MP: 9/11
  2788 | D:4      | Learned a level 3 spell: Call Canine Familiar
  2789 | D:5      | Entered Level 5 of the Dungeon
  2837 | D:5      | Found a shimmering altar of Xom.
  2838 | D:5      | Found an iron altar of Okawaru.
  2838 | D:5      | Found a bloodstained altar of Trog.
  2839 | D:5      | Found a glowing golden altar of the Shining One.
  2841 | D:5      | Found an opulent altar of Gozag.
  2841 | D:5      | Found a shadowy altar of Dithmenos.
  2841 | D:5      | Found a radiant altar of Vehumet.
  2841 | D:5      | Found a snail-covered altar of Cheibriados.
  2841 | D:5      | Found a blossoming altar of Fedhas.
  2844 | D:5      | Found a burning altar of Makhleb.
  2844 | D:5      | Found an ancient bone altar of Kikubaaqudgha.
  2844 | D:5      | Found a sacrificial altar of Ru.
  2957 | D:5      | HP: 1/48 [adder (3)]
  2958 | D:5      | Succumbed to an adder's poison

Illustrated notes

Levels and vault maps discovered:
D:1:      beargit_arrival_diablo_church, layout_rooms,
          chequers_ecumenical_altar_island
D:2:      minmay_door_path, layout_rooms
D:3:      layout_basic, amcnicky_mini_rare_corridor_liquid
D:4:      layout_rooms
D:5:      layout_basic, nicolae_overflows_in_rows

Skill      XL: |  1  2  3  4  5  6 |
---------------+-------------------+-----
Dodging        | 3 |  3.3
Invocations    | 1 2 |  2.7
Stealth        | 3 |  3.0
Maces & Flails | 1 2 |  2.2
Fighting       | 1 |  1.1
Armour         | 1 2 |  2.2
Summonings     | 5 |  5.0
Spellcasting   | |  2.8

Action                     |  1- 3 |  4- 6 |  7- 9 || total
---------------------------+-------+-------+-------++-------
  Melee: Mace              |    44 |       |       ||    44
         Morningstar       |    12 |    68 |     7 ||    87
         Punch             |       |     1 |       ||     1
  Throw: Dart              |       |     1 |       ||     1
   Cast: Summon Small Mamm |    14 |       |     2 ||    16
         Call Imp          |     7 |     2 |     2 ||    11
 Invoke: Recall Undead Har |     1 |     2 |     2 ||     5
    Use: Scroll            |     2 |     2 |     2 ||     6
   Stab: Distracted        |     1 |     1 |       ||     2
 Armour: Robe              |    17 |       |       ||    17
         Scale mail        |     6 |    64 |     5 ||    75
  Dodge: Dodged            |    79 |    83 |     8 ||   170
